 Dungeon Crawl Stone Soup version 0.29.1-2-gbd0b4ee654 (webtiles) character file.

Game seed: 7438925781013381278

172 Icepheonix32 the Trooper (level 5, -1/47 HPs)
             Began as a Minotaur Fighter on Nov 11, 2022.
             Slain by a gnoll bouda
             ... wielding a +0 club
              (7 damage)
             ... on level 3 of the Dungeon.
             The game lasted 00:04:35 (3060 turns).

Icepheonix32 the Trooper (Minotaur Fighter)         Turns: 3060, Time: 00:04:36

Health: -1/47      AC: 10    Str: 27    XL:     5   Next: 27%
Magic:  4/4        EV:  9    Int:  7    God:
Gold:   98         SH:  4    Dex:  9    Spells: 4/4 levels left

rFire   . . .      SeeInvis .   a - +0 war axe
rCold   . . .      Faith    .   c - +0 buckler
rNeg    . . .      Spirit   .   b - +0 scale mail
rPois   .          Reflect  .   (helmet restricted)
rElec   .          Harm     .   u - +0 cloak
rCorr   .          Rampage  .   s - +0 pair of gloves
Will    .....                   h - +0 pair of boots
Stlth   ..........              (no amulet)
HPRegen 0.15/turn               m - +6 ring of strength
MPRegen 0.09/turn               (no ring)

@: weakened, slowed, very slow
A: horns 2, retaliatory headbutt
a: no special abilities


You were on level 3 of the Dungeon.
You visited 1 branch of the dungeon, and saw 4 of its levels.

You collected 98 gold pieces.

Inventory:

Hand Weapons
 a - a +0 war axe (weapon)
Armour
 b - a +0 scale mail (worn)
 c - a +0 buckler (worn)
 h - a +0 pair of boots (worn)
 l - a scarf of repulsion
 s - a +0 pair of gloves (worn)
 u - a +0 cloak (worn)
 v - a +0 chain mail of cold resistance
Jewellery
 m - a +6 ring of strength (left hand)
Scrolls
 e - 5 scrolls of identify
 f - 3 scrolls of teleportation {unknown}
 n - a scroll of vulnerability {unknown}
 o - a scroll of fog
 p - a scroll of blinking {unknown}
 w - a scroll of poison {unknown}
Potions
 d - a potion of might
 g - a potion of ambrosia
 i - 2 potions of invisibility {unknown}
 j - a potion of lignification {unknown}
 k - 2 potions of heal wounds
 q - 3 potions of degeneration {unknown}
 r - a potion of curing {unknown}
 t - a potion of haste {unknown}
 x - 2 potions of brilliance {unknown}


   Skills:
 * Level 4.9 Fighting
 - Level 4.0 Axes
 * Level 4.9 Armour
 + Level 0.7 Dodging
 + Level 4.2 Shields


You had 4 spell levels left.
You didn't know any spells.
Your spell library contained the following spells:

 Spells                   Type           Power      Damage    Failure   Level
 Foxfire                  Conj/Fire      0%         2x1d4     78%         1
 Conjure Flame            Conj/Fire      0%         6-21      98%         3
 Inner Flame              Hex/Fire       0%         N/A       98%         3
 Flame Wave               Conj/Fire      0%         2d4       100%        4


Dungeon Overview and Level Annotations

Branches:
Dungeon (4/15)
 Temple: D:4-7

Altars:
Hepliaklqana
Zin
The Shining One

Shops:
D:3 *


Innate Abilities, Weirdness & Mutations

You have a pair of horns on your head.
You reflexively headbutt those who attack you in melee.


Message History

A gnoll comes into view.
It is wielding a +0 club and quivering curare-tipped darts.
The gnoll shouts!
You hit the gnoll bouda but do no damage.
Your headbutt misses the gnoll bouda.
The gnoll hits you from afar with a +0 spear.
The gnoll throws a curare-tipped dart.
The curare-tipped dart hits you.
You are poisoned.
You have difficulty breathing.
You feel yourself slow down.
You feel extremely sick. The gnoll hits you but does no damage.
There is a stone staircase leading up here.
You feel very sick.
The gnoll bouda barks out a call to the hunt!
The gnolls pick up the pace!
The gnoll misses you. The gnoll barely misses you.
The gnoll bouda hits you with a +0 club!
You climb upwards.
You feel very sick.
There is a stone staircase leading down here.
You closely miss the gnoll bouda.
You feel very sick.
The gnoll bouda hits you but does no damage.
You block the gnoll bouda's attack.
You slash the gnoll bouda! Your headbutt misses the gnoll bouda.
The gnoll bouda is heavily wounded.
You feel sick.
The gnoll bouda hits you but does no damage.
You block the gnoll bouda's attack.
You closely miss the gnoll bouda.
The gnoll bouda is heavily wounded.
You feel sick.
You are no longer poisoned.
The gnoll bouda gazes fiercely through you!
You feel your attacks grow feeble.
The gnoll bouda drinks a potion.
The gnoll bouda is healed!
The gnoll bouda hits you with a +0 club.
* * * LOW HITPOINT WARNING * * *
You hit the gnoll bouda but do no damage.
The gnoll bouda hits you with a +0 club!
You die...

#.##.....##..####
#.#.......#.....## #
#.#.....).#..<...# #
#....._..........# ###
#.#.......#......########## #..
#.#.......#......##.......# ##.#
#.##.....##......##.......###...
#.####.####...g[.##............#
#..............@.##.......#.....
###########.......#.......#.....
#........#..........#.....
#.......##.#.######.......
#.......##.#.#######......
#.................##......
#.(.....####.###..........
####....####.#....#.......
##...#......#..##.#.###


You could see a gnoll bouda.

Vanquished Creatures
  An iguana (D:4)
  An orc wizard (D:3)
  5 adders
  A worm (D:2)
  2 dart slugs
  11 orcs
  9 ball pythons
  6 endoplasms
  3 goblins
  2 hobgoblins (D:3)
  6 jackals
  4 kobolds
  A quokka (D:3)
  3 bats
  2 frilled lizards
  6 rats
63 creatures vanquished.

Notes
Turn   | Place    | Note
-------+----------+-------------------------------------------
     0 | D:1      | Icepheonix32 the Minotaur Fighter began the quest for the
                  | Orb.
     0 | D:1      | Reached XP level 1. HP: 19/19 MP: 0/0
   184 | D:1      | Reached XP level 2. HP: 20/27 MP: 1/1
  1319 | D:2      | Reached XP level 3. HP: 26/33 MP: 2/2
  2119 | D:2      | Reached XP level 4. HP: 35/40 MP: 3/3
  2339 | D:3      | Found Zin's Purification Station.
  2339 | D:3      | Found a glowing silver altar of Zin.
  2430 | D:3      | Found a glowing golden altar of the Shining One.
  2439 | D:3      | Found a hazy altar of Hepliaklqana.
  2869 | D:4      | Reached XP level 5. HP: 41/47 MP: 4/4
  3060 | D:3      | Slain by a gnoll bouda

Illustrated notes

Levels and vault maps discovered:
D:1:      mrwooster_arrival_statue, layout_basic
D:2:      layout_basic
D:3:      layout_rooms, zin_purify, mainiacjoe_overflow_surrounded_room,
          old_standard_altar
D:4:      layout_loops_cross, uniq_pikel

Skill      XL: |  1  2  3  4 |
---------------+-------------+-----
Fighting       | 4 |  4.9
Armour         | 4 |  4.9
Shields        | 4 |  4.2
Axes           | 3 4 |  4.0
Dodging        | |  0.7

Action                   |  1- 3 |  4- 6 || total
-------------------------+-------+-------++-------
Melee: War axe           |    61 |    41 ||   102
       Headbutt          |     5 |     5 ||    10
Throw: Boomerang         |       |     7 ||     7
  Use: Scroll            |       |     1 ||     1
       Potion            |       |     1 ||     1
Armor: Scale mail        |    26 |    24 ||    50
Dodge: Dodged            |    41 |    14 ||    55
Block: Buckler           |    16 |    13 ||    29
